AoeStats
← Coyunto90

Golden Pit

509166268Analyzed
1v1 RM · 6d ago on Sep 25, 2026· 21m 15s· 2 players
Game mode
Random Map
Map size
Tiny (2 player)
Population
200
Speed
Normal
Resources
Standard
Victory
Conquest
Starting age
Dark Age
Ending age
Imperial Age
RankedLock teamsTeams togetherTeam positionsShared explorationLock speedFull tech treeHidden civsTurbo modeCheats
Victory
Defeat
🇰🇷 Magyars · South Korea
1191
+14
🇪🇸 Japanese · Spain
1154
-14
Coyunto90
7:00 Loom
10:22 Feudal Age
10:50 Double-Bit Axe
16:19 Forging
18:31 Town Watch
ValakOO
6:09 Loom
8:55 Feudal Age
9:34 Double-Bit Axe
13:56 Horse Collar
17:38 Wheelbarrow
20:58 Castle Age
19:08 Scale Barding Armor
19:33 Bloodlines
19:46 Gold Mining
21:14 Light Cavalry
Connection lost

Rejoining the realm…

Still unreachable

The connection could not be restored.

Session expired

The server has moved on; the page needs a fresh start.